Map: [ESL] Inside and Out

Players

Spirit

  • Race: Terran Terran
  • Spawn Location: 7:00

RagnaroK (SHIN) - Winner!

  • Race: Zerg Zerg
  • Spawn Location: 1:00

Event: DreamHack SC2 Masters 2022 Valencia

VOD

Have the link to the VOD?

Description

Time

  • Played on: July 1, 2022, 1:09 p.m.
  • Length: 7:06

All games in this series

Show
View Real Time Build Order
Export as new Build Order

Spirit Terran 

Build Orders: Command Center First (CC), Hellion Banshee 

Get SALT Encoding   

  12  0:00  SCV  
  13  0:12  SCV  
  14  0:16  Supply Depot  
  14  0:24  SCV  
  15  0:38  SCV  
  16  0:50  SCV  
  17  0:59  Command Center  
  17  1:03  SCV  
  18  1:12  Barracks  
  18  1:15  SCV  
  19  1:20  Refinery  
  19  1:27  SCV  
  19  1:29  Refinery  
  20  1:39  SCV  
  21  1:59  Orbital Command, Reaper  
  22  2:10  Orbital Command  
  22  2:18  Factory  
  22  2:24  SCV  
  22  2:25  Supply Depot  
  23  2:35  SCV  
  23  2:36  SCV, Barracks Reactor  
  25  2:48  SCV x2  
  27  2:53  Command Center  
  27  3:00  SCV  
  27  3:01  SCV  
  27  3:04  Starport  
  28  3:13  Marine x2  
  26  3:24  Orbital Command  
  26  3:36  SCV  
  26  3:49  Hellion, Barracks Tech Lab  
  26  3:50  Hellion  
  26  3:53  SCV  
  31  4:06  Orbital Command, SCV  
  32  4:13  Banshee  
  32  4:15  Orbital Command  
  34  4:17  Cloaking Field  
  34  4:20  Barracks Tech Lab  
  34  4:22  SCV  
  35  4:30  Hellion  
  37  4:32  Hellion  
  37  4:36  SCV x2  
  41  4:39  Stimpack  
  41  4:40  SCV  
  42  4:48  SCV x2  
  42  4:52  SCV  
  45  4:56  Banshee  
  45  4:57  Hellion  
  45  4:58  Hellion  
  52  5:00  SCV  
  52  5:02  Supply Depot  
  52  5:03  SCV  
  52  5:04  SCV  
  55  5:12  SCV  
  56  5:15  SCV  
  56  5:16  SCV  
  56  5:18  Hellion  
  60  5:24  Hellion  
  60  5:25  SCV  
  60  5:26  Marine  
  60  5:27  SCV, Supply Depot  
  65  5:28  SCV  
  65  5:29  Supply Depot  
  66  5:37  SCV  
  66  5:39  SCV  
  66  5:41  SCV  
  69  5:49  SCV  
  70  5:51  Barracks  
  70  5:52  Barracks  
  70  5:53  SCV  
  72  5:57  Starport Reactor  
  72  5:58  Engineering Bay  
  72  5:59  Engineering Bay  
  72  6:01  Refinery x2  
  72  6:03  Orbital Command, Barracks  
  71  6:04  Barracks, SCV  
  71  6:08  Marine  
  74  6:11  SCV  
  74  6:15  Supply Depot  
  74  6:16  Supply Depot  
  74  6:18  SCV  
  74  6:20  Siege Tank  
  74  6:23  SCV  
  79  6:25  Missile Turret  
  79  6:26  Missile Turret, Marine  
  79  6:32  Missile Turret  
  79  6:37  Missile Turret  
  79  6:38  Marine  
  80  6:40  Marine  
  80  6:43  Marine  
  80  6:44  Marine  
Show
View Real Time Build Order
Export as new Build Order

RagnaroK Zerg - Winner!

Build Orders: Pool First 

Get SALT Encoding   

  12  0:00  Drone  
  13  0:12  Overlord  
  13  0:17  Drone  
  14  0:31  Drone x2  
  16  0:39  Drone  
  16  0:42  Extractor  
  16  0:46  Spawning Pool  
  16  0:49  Drone  
  16  0:56  Drone  
  17  1:16  Hatchery  
  16  1:19  Drone  
  17  1:33  Zergling x2  
  17  1:35  Queen  
  20  1:41  Metabolic Boost  
  20  1:48  Overlord  
  20  1:54  Zergling x2  
  21  1:55  Zergling x2  
  22  2:07  Zergling x2  
  23  2:11  Queen, Zergling x2  
  26  2:22  Zergling x2  
  27  2:29  Zergling x2  
  28  2:30  Queen  
  30  2:38  Drone  
  30  2:42  Drone  
  32  2:45  Drone x3  
  35  2:52  Overlord  
  35  2:53  Drone  
  36  3:02  Overlord  
  36  3:11  Drone x3  
  38  3:20  Drone x2  
  38  3:21  Drone x2  
  38  3:22  Drone  
  43  3:31  Drone, Lair  
  43  3:34  Drone  
  43  3:42  Drone  
  43  3:43  Drone  
  45  3:52  Hatchery  
  45  3:53  Drone x2  
  46  3:57  Drone x4  
  46  3:59  Drone  
  51  4:03  Extractor  
  51  4:04  Extractor, Overlord  
  51  4:08  Overlord  
  49  4:11  Drone  
  49  4:15  Queen  
  49  4:16  Extractor  
  51  4:19  Overlord  
  51  4:26  Drone x5  
  56  4:31  Drone x3  
  59  4:42  Spire  
  59  4:43  Drone  
  59  4:44  Drone  
  60  4:47  Zergling x2  
  60  4:50  Spore Crawler  
  60  4:51  Zergling x2  
  61  4:55  Zergling x6  
  64  5:00  Baneling Nest, Overseer  
  64  5:02  Drone  
  64  5:03  Drone  
  65  5:08  Drone x3  
  65  5:09  Drone  
  69  5:18  Overlord  
  69  5:19  Drone x2  
  71  5:25  Overlord  
  71  5:28  Drone  
  72  5:30  Queen  
  72  5:31  Overlord  
  72  5:34  Overlord, Drone  
  72  5:35  Drone  
  76  5:38  Drone  
  77  5:52  Drone x2  
  77  5:53  Mutalisk x6  
  91  5:57  Spore Crawler  
  91  5:58  Mutalisk  
  91  6:00  Drone  
  91  6:03  Drone x3  
  96  6:15  Drone x7  
  103  6:19  Extractor  
  103  6:20  Zergling x2  
  103  6:21  Extractor  
  102  6:28  Drone x4  
  102  6:31  Evolution Chamber  
  104  6:33  Hatchery  
  104  6:34  Evolution Chamber  
  104  6:36  Zergling x2  
  104  6:37  Zergling x2  
  101  6:41  Zergling x4  
  101  6:45  Zergling x2  
  102  6:50  Drone x4  
  102  6:51  Drone x2  

Tags
 
Add a new tag
Caveats
  • Supply blocks, unpowered buildings, or Contaminate may cause inaccurate times.
  • Supply counts are checked every 10 seconds.